[Event "EIRCC 2019"]
[Site "Tallinn"]
[Date "2019.12.05"]
[Round "7.34"]
[White "Thorfinnsson, Bragi"]
[Black "Schnabel, Ralf"]
[Result "1-0"]
[ECO "B04"]
[WhiteElo "2457"]
[BlackElo "2220"]
[Annotator "ChessBase"]
[PlyCount "91"]
[EventDate "2019.12.05"]
[EventType "swiss"]
[EventCountry "EST"]
[SourceTitle "playchess.com"]
[Source "ChessBase"]
[SourceQuality "1"]
[TimeControl "900+10"]

1. e4 Nf6 2. e5 Nd5 3. d4 d6 4. Nf3 g6 5. Bc4 Nb6 6. Bb3 Bg7 7. a4 a5 8. Qe2 O-O 9. h3 Nc6 10. O-O dxe5 11. dxe5 Nd4 12. Nxd4 Qxd4 13. Re1 Be6 14. Nc3 Bxb3 15. cxb3 Qb4 16. Qc2 Rfd8 17. Be3 Nd5 18. Bd2 Qc5 19. Qe4 c6 20. Rad1 Nb4 21. Be3 Qxe5 22. Rxd8+ Rxd8 23. Qxe5 Bxe5 24. Bb6 Bxc3 25. bxc3 Nc2 26. Rxe7 Rd1+ 27. Kh2 Rb1 28. b4 axb4 29. cxb4 Rxb4 30. a5 Rb5 31. Rxb7 Nb4 32. Rb8+ Kg7 33. Bd4+ Kh6 34. Rxb5 cxb5 35. f4 f5 36. Bf6 Kh5 37. Kg3 h6 38. Kf3 g5 39. Be7 Na6 40. Ke3 b4 41. Kd3 Kg6 42. Kc4 gxf4 43. Bxb4 f3 44. gxf3 Kg5 45. Bd6 Kh4 46. Kb5 1-0

[Event "EIRCC 2019"]
[Site "Tallinn"]
[Date "2019.12.05"]
[Round "7.35"]
[White "Galopoulos, Nikolaos"]
[Black "Opryshko, Stanislav"]
[Result "1-0"]
[ECO "A56"]
[WhiteElo "2439"]
[BlackElo "2205"]
[Annotator "NA"]
[PlyCount "69"]
[EventDate "2019.12.05"]
[EventType "swiss"]
[EventCountry "EST"]
[SourceTitle "playchess.com"]
[Source "ChessBase"]
[SourceQuality "1"]
[TimeControl "900+10"]

1. d4 Nf6 2. c4 c5 3. Nf3 cxd4 4. Nxd4 e5 5. Nb5 d5 6. cxd5 Bc5 7. N5c3 O-O 8. g3 Qb6 9. e3 Bg4 10. Be2 Bh3 11. g4 Rd8 12. Rg1 h5 13. g5 Ne8 14. Bxh5 Bf5 15. Nd2 Bxe3 16. fxe3 Qxe3+ 17. Ne2 Na6 18. Qb3 Qc5 19. Nc4 Rac8 20. Ne3 Nb4 21. Nxf5 Nc2+ 22. Kf1 Nxa1 23. Qf3 Rc7 24. Nh6+ gxh6 25. gxh6+ Kh8 26. Bxf7 Qf8 27. Rg8+ Qxg8 28. Bxg8 Kxg8 29. Qg3+ Kf8 30. Qxe5 Rf7+ 31. Kg1 Nf6 32. Nf4 Re8 33. Ne6+ Kg8 34. Bg5 Ng4 35. Qe4 1-0

[Event "EIRCC 2019"]
[Site "Tallinn"]
[Date "2019.12.05"]
[Round "7.36"]
[White "Studer, Noel"]
[Black "Brendel, Oliver"]
[Result "1-0"]
[ECO "D85"]
[WhiteElo "2405"]
[BlackElo "2203"]
[Annotator "NA"]
[PlyCount "69"]
[EventDate "2019.12.05"]
[EventType "swiss"]
[EventCountry "EST"]
[SourceTitle "playchess.com"]
[Source "ChessBase"]
[SourceQuality "1"]
[TimeControl "900+10"]

1. d4 Nf6 2. c4 g6 3. Nc3 d5 4. cxd5 Nxd5 5. e4 Nxc3 6. bxc3 Bg7 7. Qa4+ Nd7 8. Nf3 O-O 9. Be2 c5 10. O-O cxd4 11. cxd4 Nc5 12. dxc5 Bxa1 13. e5 Qd7 14. Qh4 Qg4 15. Qxe7 Qe6 16. Qh4 Qg4 17. Qh6 Qh5 18. Qxh5 gxh5 19. Bh6 Bc3 20. Rc1 Bb4 21. Bxf8 Kxf8 22. h3 Be6 23. Bc4 Ke7 24. Bxe6 Kxe6 25. c6 Rc8 26. Rb1 a5 27. cxb7 Rb8 28. Rb3 Kd5 29. Ng5 Kxe5 30. a3 Rxb7 31. Kf1 a4 32. Rb1 Kf5 33. Nf3 Rb6 34. axb4 a3 35. Ra1 1-0

[Event "EIRCC 2019"]
[Site "Tallinn"]
[Date "2019.12.06"]
[Round "8.1"]
[White "Esipenko, Andrey"]
[Black "Yuffa, Daniil"]
[Result "0-1"]
[ECO "E97"]
[WhiteElo "2590"]
[BlackElo "2587"]
[Annotator "ChessBase"]
[PlyCount "84"]
[EventDate "2019.12.05"]
[EventType "swiss"]
[EventCountry "EST"]
[SourceTitle "playchess.com"]
[Source "ChessBase"]
[SourceQuality "1"]
[TimeControl "900+10"]

1. d4 Nf6 2. c4 g6 3. Nc3 Bg7 4. e4 d6 5. Nf3 O-O 6. Be2 e5 7. O-O Nc6 8. d5 Ne7 9. b4 Nh5 10. Re1 a5 11. bxa5 Rxa5 12. a4 f5 13. Bd2 Nf4 14. Bf1 fxe4 15. Nxe4 Ra8 16. Ra3 Kh8 17. g3 Nh3+ 18. Kg2 h6 19. Bc1 Bg4 20. Be2 Bf5 21. Nfd2 Qc8 22. Bf3 b6 23. Kh1 Ng8 24. Rf1 Nf6 25. Nxf6 Rxf6 26. Bg2 Ng5 27. h4 Nh7 28. Ne4 Rf8 29. Be3 Nf6 30. Nxf6 Rxf6 31. Qd2 Kh7 32. a5 Bh3 33. Rfa1 Bxg2+ 34. Kxg2 bxa5 35. Rxa5 Rxa5 36. Qxa5 Rf7 37. Qd2 Qg4 38. Qc2 e4 39. Re1 Be5 40. c5 Rf3 41. cxd6 Bxd6 42. Bf4 Rxf4 0-1

[Event "EIRCC 2019"]
[Site "Tallinn"]
[Date "2019.12.06"]
[Round "8.7"]
[White "Stupak, Kirill"]
[Black "Sebenik, Matej"]
[Result "1/2-1/2"]
[ECO "D56"]
[WhiteElo "2552"]
[BlackElo "2504"]
[Annotator "ChessBase"]
[PlyCount "41"]
[EventDate "2019.12.05"]
[EventType "swiss"]
[EventCountry "EST"]
[SourceTitle "playchess.com"]
[Source "ChessBase"]
[SourceQuality "1"]
[TimeControl "900+10"]

1. d4 Nf6 2. c4 e6 3. Nf3 d5 4. Bg5 Be7 5. e3 O-O 6. Nc3 h6 7. Bh4 Nbd7 8. Rc1 c5 9. cxd5 Nxd5 10. Bxe7 Nxe7 11. Be2 b6 12. Bb5 cxd4 13. Nxd4 Nf6 14. O-O Bb7 15. Be2 Qb8 16. Qb3 Ned5 17. Bf3 Nxc3 18. Qxc3 Bxf3 19. Nxf3 Rc8 20. Qa3 Qb7 21. h3 1/2-1/2

[Event "EIRCC 2019"]
[Site "Tallinn"]
[Date "2019.12.06"]
[Round "8.9"]
[White "Lysyj, Igor"]
[Black "Vlassow, Valentin"]
[Result "1-0"]
[ECO "D02"]
[WhiteElo "2599"]
[BlackElo "2394"]
[Annotator "ChessBase"]
[PlyCount "61"]
[EventDate "2019.12.05"]
[EventType "swiss"]
[EventCountry "EST"]
[SourceTitle "playchess.com"]
[Source "ChessBase"]
[SourceQuality "1"]
[TimeControl "900+10"]

1. d4 d5 2. Nf3 Bf5 3. c4 e6 4. cxd5 exd5 5. Qb3 Nc6 6. Nc3 Nf6 7. Bg5 Be7 8. Bxf6 Bxf6 9. e3 Ne7 10. Qxb7 O-O 11. Qa6 Rb8 12. Na4 c5 13. Nxc5 Rxb2 14. Bd3 Bg4 15. O-O Bxf3 16. gxf3 Ng6 17. Bxg6 hxg6 18. Rfb1 Rc2 19. Qd3 Rxc5 20. dxc5 Bxa1 21. Rxa1 Qg5+ 22. Kf1 Rd8 23. Qd4 Qh5 24. Kg2 Qg5+ 25. Qg4 Qe5 26. Rd1 Qb2 27. Qg5 f6 28. Qxg6 Qxa2 29. Qf5 Qc4 30. Qe6+ Kh8 31. Rd4 1-0

[Event "EIRCC 2019"]
[Site "Tallinn"]
[Date "2019.12.06"]
[Round "8.10"]
[White "Kozak, Adam"]
[Black "Postny, Evgeny"]
[Result "1-0"]
[ECO "A06"]
[WhiteElo "2240"]
[BlackElo "2598"]
[Annotator "ChessBase"]
[PlyCount "41"]
[EventDate "2019.12.05"]
[EventType "swiss"]
[EventCountry "EST"]
[SourceTitle "playchess.com"]
[Source "ChessBase"]
[SourceQuality "1"]
[TimeControl "900+10"]

1. Nf3 d5 2. g3 c6 3. Bg2 Bg4 4. O-O e6 5. h3 Bxf3 6. Bxf3 Nf6 7. d4 Nbd7 8. Nd2 e5 9. e4 dxe4 10. dxe5 exf3 11. exf6 Qxf6 12. Re1+ Be7 13. Nxf3 h6 14. Be3 c5 15. Bd2 Qc6 16. Bc3 f6 17. Nh4 Kd8 18. Ng6 Re8 19. Qe2 Ne5 20. Nxe5 fxe5 21. Qxe5 1-0

[Event "EIRCC 2019"]
[Site "Tallinn"]
[Date "2019.12.06"]
[Round "8.11"]
[White "Zabolotnov, Evgeny"]
[Black "Saric, Ante"]
[Result "0-1"]
[ECO "E16"]
[WhiteElo "2021"]
[BlackElo "2538"]
[Annotator "ChessBase"]
[PlyCount "104"]
[EventDate "2019.12.05"]
[EventType "swiss"]
[EventCountry "EST"]
[SourceTitle "playchess.com"]
[Source "ChessBase"]
[SourceQuality "1"]
[TimeControl "900+10"]

1. d4 Nf6 2. c4 e6 3. Nf3 b6 4. g3 Bb7 5. Bg2 Bb4+ 6. Bd2 Be7 7. O-O c6 8. Nc3 d5 9. Ne5 O-O 10. e4 dxe4 11. Be3 c5 12. d5 Bd6 13. Ng4 Nxg4 14. Qxg4 exd5 15. Nxd5 Bxd5 16. cxd5 f5 17. Qe2 Nd7 18. f3 exf3 19. Qxf3 Qf6 20. Bf4 Rae8 21. Bxd6 Qxd6 22. Rae1 g6 23. Qa3 a5 24. Qa4 Ne5 25. Re2 Re7 26. Rfe1 Rfe8 27. Qf4 Kg7 28. h3 Qf6 29. Kh1 h5 30. Qd2 Nf7 31. Rxe7 Rxe7 32. Rxe7 Qxe7 33. Kh2 h4 34. gxh4 Qxh4 35. Qc3+ Qf6 36. Qb3 Qe5+ 37. Kh1 Qe1+ 38. Kh2 Qb4 39. Qc2 Qf4+ 40. Kh1 Qe3 41. a3 Nd6 42. Kh2 Kf6 43. Qa4 Qe5+ 44. Kh1 Qe1+ 45. Kh2 b5 46. Qc2 Qe5+ 47. Kh1 Ne4 48. a4 b4 49. b3 Qxd5 50. Qc1 Qd1+ 51. Qxd1 Nf2+ 52. Kg1 Nxd1 0-1

[Event "EIRCC 2019"]
[Site "Tallinn"]
[Date "2019.12.06"]
[Round "8.12"]
[White "Belyakov, Bogdan"]
[Black "Kourousis, Epaminondas"]
[Result "1/2-1/2"]
[ECO "B40"]
[WhiteElo "2520"]
[BlackElo "2392"]
[Annotator "ChessBase"]
[PlyCount "118"]
[EventDate "2019.12.05"]
[EventType "swiss"]
[EventCountry "EST"]
[SourceTitle "playchess.com"]
[Source "ChessBase"]
[SourceQuality "1"]
[TimeControl "900+10"]

1. e4 c5 2. Nf3 e6 3. c3 Nf6 4. e5 Nd5 5. d4 cxd4 6. cxd4 b6 7. Bc4 Ba6 8. b3 Be7 9. O-O O-O 10. Qe2 Nc7 11. Nc3 d5 12. exd6 Qxd6 13. Ne4 Qd8 14. Bf4 Bb7 15. Rac1 Nd5 16. Bd2 Nd7 17. Ne5 Rc8 18. Ba6 Bxa6 19. Qxa6 Nxe5 20. dxe5 Qd7 21. Qd3 Rxc1 22. Rxc1 Rc8 23. Rc4 h6 24. h3 Qb7 25. Qg3 Kf8 26. Nd6 Bxd6 27. exd6 Rxc4 28. bxc4 Nf6 29. Bc3 Ne8 30. Bb4 Kg8 31. Qe5 Qc6 32. Qd4 Nf6 33. Bc3 Kf8 34. a3 Qd7 35. Qd3 Ne8 36. Bb4 a5 37. Bc3 Qxd6 38. Qe3 f6 39. Bd4 Qc6 40. Bxb6 a4 41. c5 Kf7 42. Qd4 f5 43. Bd8 Qd5 44. Qxd5 exd5 45. Kf1 Ke6 46. Ke2 Kd7 47. Ba5 Kc6 48. Bb4 Nc7 49. g4 g6 50. gxf5 gxf5 51. Kf3 Ne6 52. Ke3 Nxc5 53. Kd4 Ne4 54. f4 Nf2 55. h4 h5 56. Be1 Ng4 57. Bb4 Nf2 58. Be1 Ng4 59. Bb4 Nf2 {[%emt 0:00:30] Ke4} 1/2-1/2

[Event "EIRCC 2019"]
[Site "Tallinn"]
[Date "2019.12.06"]
[Round "8.13"]
[White "Nasibullin, Iskander"]
[Black "Potapov, Pavel"]
[Result "0-1"]
[ECO "B32"]
[WhiteElo "2270"]
[BlackElo "2482"]
[Annotator "ChessBase"]
[PlyCount "118"]
[EventDate "2019.12.05"]
[EventType "swiss"]
[EventCountry "EST"]
[SourceTitle "playchess.com"]
[Source "ChessBase"]
[SourceQuality "1"]
[TimeControl "900+10"]

1. e4 c5 2. Nf3 Nc6 3. d4 cxd4 4. Nxd4 e5 5. Nb5 d6 6. N1c3 a6 7. Na3 Be7 8. Nd5 Nf6 9. Be3 Nxd5 10. exd5 Nb8 11. Nc4 Nd7 12. a4 O-O 13. a5 f5 14. f4 exf4 15. Bxf4 Nc5 16. Nb6 Rb8 17. Be2 Bg5 18. O-O Bxf4 19. Rxf4 Qe7 20. Qf1 g6 21. Bd3 Re8 22. h3 Bd7 23. Rf3 Qg7 24. b3 Re7 25. Rd1 Rbe8 26. Bc4 Qh6 27. Qf2 Ne4 28. Qd4 Qg5 29. Bf1 f4 30. Nxd7 Rxd7 31. c4 Rf7 32. Re1 Rfe7 33. Rd1 Nc5 34. b4 Re4 35. Qb2 Nd7 36. Qc2 Re3 37. Rxe3 fxe3 38. Be2 Rf8 39. Rf1 Rxf1+ 40. Bxf1 Qf4 41. Qd3 Ne5 42. Qe2 Kf7 43. b5 Qd4 44. Kh2 Ke7 45. bxa6 bxa6 46. g3 Nd7 47. Qg4 Qxg4 48. hxg4 Kf6 49. Kg2 Ke5 50. Kf3 Kd4 51. Kf4 h6 52. g5 h5 53. Be2 Nc5 54. Bf1 Ne4 55. Be2 Nc3 56. Bxh5 gxh5 57. g6 e2 58. g7 e1=Q 59. g8=Q Qf2+ {[%emt 0:00:04] Ke5+ Kxe5} 0-1

[Event "EIRCC 2019"]
[Site "Tallinn"]
[Date "2019.12.06"]
[Round "8.14"]
[White "Ionov, Sergey"]
[Black "Nguyen, Thai Dai Van"]
[Result "0-1"]
[ECO "B22"]
[WhiteElo "2480"]
[BlackElo "2364"]
[Annotator "ChessBase"]
[PlyCount "50"]
[EventDate "2019.12.05"]
[EventType "swiss"]
[EventCountry "EST"]
[SourceTitle "playchess.com"]
[Source "ChessBase"]
[SourceQuality "1"]
[TimeControl "900+10"]

1. e4 c5 2. c3 Nf6 3. e5 Nd5 4. d4 cxd4 5. Qxd4 e6 6. Nf3 Nc6 7. Qe4 f5 8. Qe2 b6 9. g3 a5 10. Bg2 Ba6 11. c4 Bb4+ 12. Nbd2 O-O 13. O-O a4 14. Qd1 Nde7 15. Re1 b5 16. cxb5 Bxb5 17. a3 Ba5 18. b4 axb3 19. Qxb3 Ba6 20. Bf1 Qc7 21. Bxa6 Rxa6 22. Re2 Rb8 23. Qd3 Rab6 24. Nc4 Rb3 25. Qd6 Rxf3 0-1

[Event "EIRCC 2019"]
[Site "Tallinn"]
[Date "2019.12.06"]
[Round "8.15"]
[White "Usmanov, Vasily"]
[Black "Seeman, Tarvo"]
[Result "1-0"]
[ECO "A45"]
[WhiteElo "2428"]
[BlackElo "2325"]
[Annotator "NA"]
[PlyCount "91"]
[EventDate "2019.12.05"]
[EventType "swiss"]
[EventCountry "EST"]
[SourceTitle "playchess.com"]
[Source "ChessBase"]
[SourceQuality "1"]
[TimeControl "900+10"]

1. d4 Nf6 2. Bg5 Ne4 3. Bf4 d5 4. e3 Bf5 5. g4 Bg6 6. h4 h6 7. Bd3 e6 8. f3 Nf6 9. Bxg6 fxg6 10. Qd3 Kf7 11. Ne2 Nbd7 12. g5 hxg5 13. Bxg5 e5 14. Nbc3 exd4 15. exd4 Qe8 16. O-O-O Qe6 17. Nf4 Qf5 18. Qxf5 gxf5 19. Ncxd5 Nxd5 20. Nxd5 Bd6 21. Ne3 g6 22. Nc4 Rae8 23. Nxd6+ cxd6 24. Kd2 d5 25. a4 Nf8 26. Bf4 Rh5 27. Rdg1 Ne6 28. Be5 Nd8 29. Rg5 Ne6 30. Rxh5 gxh5 31. Rg1 Rg8 32. Rxg8 Kxg8 33. b3 Nf8 34. c4 Ng6 35. cxd5 Kf7 36. Bg3 Ne7 37. d6 Nd5 38. Kd3 Ke6 39. Be5 Nb4+ 40. Kc4 Nc2 41. d5+ Kd7 42. Bg3 a5 43. Kb5 Nd4+ 44. Kxa5 Nxf3 45. Kb6 Nd4 46. Kxb7 1-0

[Event "EIRCC 2019"]
[Site "Tallinn"]
[Date "2019.12.06"]
[Round "8.16"]
[White "D`costa, Lorin"]
[Black "Shubin, Kirill"]
[Result "1/2-1/2"]
[ECO "A40"]
[WhiteElo "2407"]
[BlackElo "2321"]
[Annotator "NA"]
[PlyCount "85"]
[EventDate "2019.12.05"]
[EventType "swiss"]
[EventCountry "EST"]
[SourceTitle "playchess.com"]
[Source "ChessBase"]
[SourceQuality "1"]
[TimeControl "900+10"]

1. d4 e6 2. Nf3 Nf6 3. Bf4 d5 4. e3 c5 5. c3 Bd6 6. Bg3 O-O 7. Nbd2 Nc6 8. Bb5 Qe7 9. Qa4 Bd7 10. O-O a6 11. Bxc6 Bxc6 12. Qa3 b6 13. Rfe1 Rfd8 14. Bxd6 Qxd6 15. Ne5 Bb7 16. Rad1 Qc7 17. b4 c4 18. Qb2 Ne8 19. e4 Nd6 20. f3 Re8 21. a4 f6 22. Ng4 dxe4 23. Nxe4 Nf5 24. Qc2 Rf8 25. Ra1 a5 26. b5 Rad8 27. Re2 Bd5 28. Rae1 Ne7 29. Ng3 Ng6 30. Nh5 Kh8 31. Ne3 e5 32. Rd1 Bb7 33. Nf5 Rg8 34. Red2 exd4 35. Rxd4 Qc5 36. Kf1 Rde8 37. Nd6 Re7 38. Nf4 Ne5 39. Nf5 Ree8 40. Nd6 Re7 41. Nf5 Ree8 42. Nd6 Re7 43. Nf5 1/2-1/2

[Event "EIRCC 2019"]
[Site "Tallinn"]
[Date "2019.12.06"]
[Round "8.18"]
[White "Duzhakov, Ilya"]
[Black "Ruck, Robert"]
[Result "1/2-1/2"]
[ECO "D38"]
[WhiteElo "2351"]
[BlackElo "2551"]
[Annotator "RC"]
[PlyCount "194"]
[EventDate "2019.12.05"]
[EventType "swiss"]
[EventCountry "EST"]
[SourceTitle "playchess.com"]
[Source "ChessBase"]
[SourceQuality "1"]
[TimeControl "900+10"]

1. d4 Nf6 2. c4 e6 3. Nf3 d5 4. Nc3 Bb4 5. Bg5 h6 6. Bxf6 Qxf6 7. e3 O-O 8. Qb3 c5 9. cxd5 exd5 10. dxc5 Bxc3+ 11. Qxc3 Qxc3+ 12. bxc3 Be6 13. Nd4 Rc8 14. Nxe6 fxe6 15. c4 Rxc5 16. cxd5 exd5 17. Be2 Nd7 18. O-O Nb6 19. Rfd1 Na4 20. Bf3 Nc3 21. Rd3 Rac8 22. a4 b6 23. Kf1 Kf8 24. Ke1 Ke7 25. Rd4 Rc4 26. Kd2 Rxd4+ 27. exd4 Rc4 28. Kd3 Kd6 29. a5 b5 30. a6 b4 31. Bxd5 Rc8 32. Bb3 Rf8 33. f3 Re8 34. Ra5 Re2 35. Kc4 Rxg2 36. Kxb4 Ne2 37. Rd5+ Kc6 38. Bc4 Rxh2 39. Rc5+ Kd6 40. Rd5+ Kc6 41. Rd8 Kc7 42. Ra8 Nxd4 43. Rxa7+ Kd6 44. Rxg7 Nc6+ 45. Kc3 Rh3 46. a7 Rxf3+ 47. Bd3 Nxa7 48. Rxa7 h5 49. Kd4 h4 50. Rh7 h3 51. Rh6+ Ke7 52. Be4 Rg3 53. Ke5 Re3 54. Rh7+ Ke8 55. Kf4 Re1 56. Rxh3 Ke7 57. Rh7+ Kf6 58. Rh6+ Ke7 59. Bg2 Re6 60. Rh7+ Kd6 61. Bh3 Re1 62. Rd7+ Kc6 63. Rd2 Kc5 64. Bg2 Re7 65. Be4 Re8 66. Rd5+ Kc4 67. Ke3 Rh8 68. Rd7 Kc5 69. Rc7+ Kb4 70. Bf5 Rh5 71. Bd3 Rh4 72. Kd2 Rg4 73. Rb7+ Kc5 74. Kc3 Rh4 75. Rb5+ Kc6 76. Rg5 Rf4 77. Bc4 Kd6 78. Rd5+ Ke7 79. Kb4 Kf6 80. Rd8 Rf5 81. Bd3 Re5 82. Kc4 Kg5 83. Kd4 Ra5 84. Rd6 Kf4 85. Rf6+ Kg5 86. Rf1 Ra4+ 87. Ke3 Rb4 88. Rf5+ Kh6 89. Be4 Kg7 90. Kf4 Rb6 91. Ra5 Kf6 92. Rh5 Rb2 93. Rh6+ Ke7 94. Ke5 Re2 95. Rh7+ Ke8 96. Kd5 Kf8 97. Bf5 Re7 1/2-1/2

[Event "EIRCC 2019"]
[Site "Tallinn"]
[Date "2019.12.06"]
[Round "8.20"]
[White "Luukkonen, Tommi"]
[Black "Kanep, Meelis"]
[Result "0-1"]
[ECO "B90"]
[WhiteElo "2332"]
[BlackElo "2466"]
[Annotator "ChessBase"]
[PlyCount "88"]
[EventDate "2019.12.05"]
[EventType "swiss"]
[EventCountry "EST"]
[SourceTitle "playchess.com"]
[Source "ChessBase"]
[SourceQuality "1"]
[TimeControl "900+10"]

1. e4 c5 2. Nf3 d6 3. d4 cxd4 4. Nxd4 Nf6 5. Nc3 a6 6. h3 e6 7. g4 h6 8. Bg2 g5 9. Be3 Nbd7 10. Qe2 Ne5 11. O-O-O Nfd7 12. h4 Rg8 13. hxg5 hxg5 14. Kb1 b5 15. Nf3 b4 16. Na4 Rb8 17. Nxg5 Rxg5 18. f4 Rg8 19. fxe5 Nxe5 20. g5 Bd7 21. b3 Bxa4 22. bxa4 Qc7 23. Rd4 Rc8 24. Rxb4 Nc4 25. Bc1 Bg7 26. Rb3 Qc5 27. g6 fxg6 28. e5 Bxe5 29. Bb7 Na5 30. Be3 Qc7 31. Bxa6 Nxb3 32. Bb5+ Kf7 33. Qf2+ Bf6 34. Bg5 Qc3 35. Rh7+ Rg7 36. Rxg7+ Kxg7 37. Bxf6+ Qxf6 38. Qa7+ Qf7 39. Qxf7+ Kxf7 40. axb3 Ke7 41. a5 d5 42. a6 Kd6 43. Bd3 g5 44. b4 g4 0-1

[Event "EIRCC 2019"]
[Site "Tallinn"]
[Date "2019.12.06"]
[Round "8.21"]
[White "Loginov, Valery A"]
[Black "Rogule, Laura"]
[Result "0-1"]
[ECO "B67"]
[WhiteElo "2461"]
[BlackElo "2292"]
[Annotator "ChessBase"]
[PlyCount "84"]
[EventDate "2019.12.05"]
[EventType "swiss"]
[EventCountry "EST"]
[SourceTitle "playchess.com"]
[Source "ChessBase"]
[SourceQuality "1"]
[TimeControl "900+10"]

1. e4 c5 2. Nf3 Nc6 3. d4 cxd4 4. Nxd4 Nf6 5. Nc3 d6 6. Bg5 e6 7. Qd2 a6 8. O-O-O Bd7 9. f3 b5 10. g4 h6 11. Be3 Ne5 12. a3 Qb8 13. h4 b4 14. axb4 Qxb4 15. Be2 Be7 16. g5 Nh5 17. f4 Nc4 18. Bxc4 Qxc4 19. Rhg1 hxg5 20. hxg5 g6 21. f5 a5 22. fxg6 fxg6 23. e5 d5 24. Rg4 Qa6 25. Nb3 Rc8 26. Ne4 Qb5 27. Nec5 Bxc5 28. Nxc5 Rxc5 29. Bxc5 Qxc5 30. Qd3 Kf7 31. Rf1+ Kg7 32. Rf6 Nxf6 33. gxf6+ Kf8 34. Kb1 Rh1+ 35. Ka2 Be8 36. Qa6 d4 37. Qb7 Qc4+ 38. Qb3 Qxb3+ 39. Kxb3 Re1 40. Rg5 Bb5 41. c4 Re3+ 42. Kc2 Bxc4 0-1

[Event "EIRCC 2019"]
[Site "Tallinn"]
[Date "2019.12.06"]
[Round "8.22"]
[White "Dordzhieva, Dinara"]
[Black "Thorfinnsson, Bragi"]
[Result "1-0"]
[ECO "A80"]
[WhiteElo "2310"]
[BlackElo "2457"]
[Annotator "ChessBase"]
[PlyCount "87"]
[EventDate "2019.12.05"]
[EventType "swiss"]
[EventCountry "EST"]
[SourceTitle "playchess.com"]
[Source "ChessBase"]
[SourceQuality "1"]
[TimeControl "900+10"]

1. d4 f5 2. Nf3 Nf6 3. g3 e6 4. c4 c6 5. Bg2 d5 6. Bf4 Be7 7. O-O O-O 8. Qc2 Ne4 9. Nbd2 Nd7 10. Ne5 Nxe5 11. Bxe5 Bf6 12. Nf3 Bd7 13. Rad1 Be8 14. Bxf6 gxf6 15. Nh4 Kh8 16. Bf3 Qe7 17. e3 Rd8 18. Rc1 Rg8 19. Rfd1 Bg6 20. cxd5 exd5 21. a3 Rde8 22. Re1 a6 23. b4 Nd6 24. Qc3 Qf7 25. a4 Bh5 26. Bg2 Re4 27. Bxe4 fxe4 28. h3 Qd7 29. Kh2 Nf5 30. Ng2 Bf3 31. Nf4 Qg7 32. Rg1 Nh6 33. Qc5 Ng4+ 34. hxg4 Qh6+ 35. Nh3 Rg6 36. g5 Rxg5 37. g4 Rxg4 38. Qd6 Rg6 39. Rxg6 hxg6 40. Qxf6+ Kh7 41. Rg1 Qh5 42. Qf7+ Kh6 43. Qf4+ Kh7 44. Qg5 1-0

[Event "EIRCC 2019"]
[Site "Tallinn"]
[Date "2019.12.06"]
[Round "8.23"]
[White "Ladva, Ottomar"]
[Black "Valner, Uku"]
[Result "1-0"]
[ECO "E17"]
[WhiteElo "2446"]
[BlackElo "2243"]
[Annotator "NA RC"]
[PlyCount "151"]
[EventDate "2019.12.05"]
[EventType "swiss"]
[EventCountry "EST"]
[SourceTitle "playchess.com"]
[Source "ChessBase"]
[SourceQuality "1"]
[TimeControl "900+10"]

1. Nf3 Nf6 2. c4 b6 3. d4 e6 4. g3 Bb7 5. Bg2 Be7 6. O-O O-O 7. d5 d6 8. Nc3 Re8 9. Nd4 e5 10. Nc6 Nxc6 11. dxc6 Bc8 12. Bg5 Be6 13. Bxf6 Bxf6 14. Qd3 g6 15. b4 e4 16. Bxe4 a5 17. b5 Bh3 18. Bg2 Bxg2 19. Kxg2 Bxc3 20. Qxc3 Rxe2 21. Rfe1 Re6 22. Rxe6 fxe6 23. h4 Qe7 24. Re1 Re8 25. Re3 Qg7 26. Qe1 Kf7 27. c5 dxc5 28. Rd3 Re7 29. Qd1 Qe5 30. Rd7 c4 31. a4 c3 32. Rd3 h5 33. Qc2 Ke8 34. Rxc3 Qf5 35. Qe2 e5 36. Rf3 Qg4 37. Re3 Qe6 38. Re4 Qd5 39. Kh2 Kf7 40. Qe3 Kg7 41. Qe2 Kf7 42. Kg1 Re6 43. Qe3 Qd1+ 44. Kh2 Qd5 45. f3 Qa2+ 46. Qe2 Qd5 47. Kh3 Kf6 48. Kh2 Kf7 49. Qe3 Qa2+ 50. Kh3 Qa1 51. Qe1 Qb2 52. f4 Kf6 53. Qf1 Kg7 54. Qd1 Re7 55. Qd8 Rf7 56. Rxe5 Qa1 57. Qd5 Qxa4 58. Rg5 Qa1 59. Kh2 Qb2+ 60. Kh3 Qa1 61. Kg2 Qb2+ 62. Kf3 Qc3+ 63. Kf2 Qb2+ 64. Ke3 Qc3+ 65. Ke2 Qc2+ 66. Kf3 Qc3+ 67. Kg2 Qb2+ 68. Kh3 Qa1 69. Qg2 Qf6 70. Qc2 Kh6 71. f5 Rg7 72. Qd2 Kh7 73. fxg6+ Rxg6 74. Rxh5+ Kg7 75. Qd7+ Qf7 76. Rh7+ 1-0

[Event "EIRCC 2019"]
[Site "Tallinn"]
[Date "2019.12.06"]
[Round "8.24"]
[White "Vorobjov, Pavel"]
[Black "Galopoulos, Nikolaos"]
[Result "1/2-1/2"]
[ECO "D85"]
[WhiteElo "2304"]
[BlackElo "2439"]
[Annotator "NA"]
[PlyCount "116"]
[EventDate "2019.12.05"]
[EventType "swiss"]
[EventCountry "EST"]
[SourceTitle "playchess.com"]
[Source "ChessBase"]
[SourceQuality "1"]
[TimeControl "900+10"]

1. d4 Nf6 2. c4 g6 3. Nc3 d5 4. cxd5 Nxd5 5. Qa4+ Nc6 6. Nf3 Bg7 7. e3 Nb6 8. Qb5 O-O 9. Be2 e5 10. d5 Ne7 11. e4 f5 12. Bg5 h6 13. Bxe7 Qxe7 14. O-O Bd7 15. Qa5 g5 16. Rfd1 g4 17. Nd2 f4 18. d6 cxd6 19. Nd5 Nxd5 20. Bc4 Kh8 21. Qxd5 Bc6 22. Qe6 Qg5 23. f3 Rf6 24. Qxg4 Qxg4 25. fxg4 Rg6 26. h3 Bf6 27. Rac1 Bd8 28. Bd5 Bb6+ 29. Kh2 Rc8 30. Nf3 Bf2 31. Rc3 Bd7 32. Bxb7 Rxc3 33. bxc3 Bb5 34. Rd2 Bg3+ 35. Kg1 Rg7 36. Bd5 Rc7 37. c4 Bc6 38. Bxc6 Rxc6 39. Rc2 Ra6 40. Kf1 Ra3 41. Ke2 Re3+ 42. Kd2 Rxe4 43. Rc3 Bf2 44. h4 Bc5 45. a3 Bb6 46. Kd1 Kg7 47. h5 Kf6 48. Rd3 Bd4 49. Nd2 Re3 50. Rxe3 Bxe3 51. Ne4+ Ke6 52. Ke2 Bb6 53. Kd3 Bd8 54. Nc3 Kf6 55. Ne4+ Ke6 56. Nc3 Kf6 57. Ne4+ Ke6 58. Nc3 Kf6 1/2-1/2

[Event "EIRCC 2019"]
[Site "Tallinn"]
[Date "2019.12.06"]
[Round "8.25"]
[White "Shvyrjov, Igor"]
[Black "Cerveny, Martin"]
[Result "1-0"]
[ECO "D00"]
[WhiteElo "2296"]
[BlackElo "2432"]
[Annotator "NA"]
[PlyCount "117"]
[EventDate "2019.12.05"]
[EventType "swiss"]
[EventCountry "EST"]
[SourceTitle "playchess.com"]
[Source "ChessBase"]
[SourceQuality "1"]
[TimeControl "900+10"]

1. d4 d5 2. Bg5 h6 3. Bh4 c5 4. dxc5 g5 5. Bg3 Bg7 6. c3 Nf6 7. Nf3 a5 8. e3 O-O 9. Be2 Nbd7 10. O-O Nxc5 11. Na3 Nfe4 12. Be5 f6 13. Bd4 Na6 14. c4 e5 15. Bc3 Nxc3 16. bxc3 Be6 17. Rb1 Rf7 18. cxd5 Bxd5 19. Bc4 Bxc4 20. Nxc4 Qc7 21. Qb3 Nc5 22. Qb5 Bf8 23. Nb6 Ra6 24. Nd5 Qc6 25. c4 Ne4 26. Rfc1 Kg7 27. Qb2 Qe6 28. Nd2 Nc5 29. Qc2 e4 30. Nb3 Nd3 31. Nd4 Qe5 32. Rf1 Bc5 33. Qc3 g4 34. Rb5 b6 35. Rfb1 h5 36. Ne2 h4 37. g3 Qf5 38. Nef4 Bd6 39. Nxd3 exd3 40. Nf4 Be5 41. Qxd3 Qxd3 42. Nxd3 Bc7 43. Nf4 Bxf4 44. gxf4 Rc7 45. Rc1 Kg6 46. f3 gxf3 47. Kf2 a4 48. a3 Rc5 49. Kxf3 Rxb5 50. cxb5 Ra5 51. Rb1 Kf5 52. e4+ Ke6 53. Kg4 Ra8 54. Rc1 Rd8 55. Rc6+ Kf7 56. Kf5 Rd3 57. Rxb6 Rxa3 58. Rb7+ Kg8 59. Kg6 1-0